 Dungeon Crawl Stone Soup version 0.21-a0-531-gacddea6 (webtiles) character file.

21 Amnesiac the Skirmisher (level 2, 0/18 HPs)
             Began as a Deep Elf Fighter on Dec 13, 2017.
             Was an Initiate of Okawaru.
             Slain by a leopard gecko (1 damage)
             ... on level 1 of the Dungeon.
             The game lasted 00:00:56 (516 turns).

Amnesiac the Skirmisher (Deep Elf Fighter)           Turns: 516, Time: 00:00:57

Health: 0/18       AC:  6    Str: 13    XL:     2   Next: 65%
Magic:  4/4        EV: 12    Int: 12    God:    Okawaru [......]
Gold:   27         SH:  9    Dex: 19    Spells: 1/1 levels left

rFire    . . .     SeeInvis .   b - +0 hunting sling
rCold    . . .     Gourm    .   c - +0 shield
rNeg     . . .     Faith    .   g - +0 scale mail
rPois    .         Spirit   .   (no helmet)
rElec    .         Reflect  .   (no cloak)
rCorr    .         Harm     .   (no gloves)
MR       .....                  (no boots)
Stlth    +.........             (no amulet)
HPRegen  0.06/turn              (no ring)
MPRegen  0.09/turn              (no ring)

@: agile
A: no striking features
a: Renounce Religion


You were on level 1 of the Dungeon.
You worshipped Okawaru.
Okawaru was noncommittal.
You were not hungry.

You visited 1 branch of the dungeon, and saw 1 of its levels.

You collected 27 gold pieces.

Inventory:

Hand Weapons
 a - a +0 flail
 b - a +0 hunting sling (weapon)
Missiles
 e - 10 sling bullets (quivered)
Armour
 c - a +0 shield (worn)
 g - a +0 scale mail (worn)
Potions
 d - a potion of might {!q}
Comestibles
 f - a bread ration


   Skills:
 + Level 2.7 Fighting
 - Level 1.3 Maces & Flails
 + Level 2.7 Armour
 + Level 1.4 Dodging
 - Level 2.4 Shields


You had one spell level left.
You didn't know any spells.

Dungeon Overview and Level Annotations

Branches:
Dungeon (1/15)

Altars:
Okawaru


Message History

You block the leopard gecko's attack.
Firing (i - inventory):
e - 17 sling bullets (quivered)
Press: ? - help, Shift-Dir - straight line, f/p - leopard gecko
Aim: a leopard gecko (clinging)
You shoot a sling bullet.
The sling bullet misses the leopard gecko.
The sling bullet barely misses the goblin.
The leopard gecko barely misses you. You block the leopard gecko's attack.
Firing (i - inventory):
e - 16 sling bullets (quivered)
Press: ? - help, Shift-Dir - straight line, f/p - leopard gecko
Aim: a leopard gecko (clinging)
You shoot a sling bullet.
The sling bullet barely misses the leopard gecko.
The sling bullet hits the goblin.
The goblin is heavily wounded.
You block the leopard gecko's attack. The leopard gecko bites you.
Firing (i - inventory):
e - 15 sling bullets (quivered)
Press: ? - help, Shift-Dir - straight line, f/p - leopard gecko
Aim: a leopard gecko (clinging)
You shoot a sling bullet.
The sling bullet hits the leopard gecko but does no damage.
The leopard gecko bites you but does no damage.
Firing (i - inventory):
e - 14 sling bullets (quivered)
Press: ? - help, Shift-Dir - straight line, f/p - leopard gecko
Aim: a leopard gecko (clinging)
You shoot a sling bullet.
The sling bullet closely misses the leopard gecko.
The sling bullet barely misses the goblin.
The leopard gecko barely misses you. The leopard gecko bites you.
* * * LOW HITPOINT WARNING * * *
Firing (i - inventory):
e - 13 sling bullets (quivered)
Press: ? - help, Shift-Dir - straight line, f/p - leopard gecko
Aim: a leopard gecko (clinging)
You shoot a sling bullet.
The sling bullet barely misses the leopard gecko.
The sling bullet hits the goblin!
You kill the goblin!
Okawaru accepts your kill. The leopard gecko bites you.
* * * LOW HITPOINT WARNING * * *
Firing (i - inventory):
e - 12 sling bullets (quivered)
Press: ? - help, Shift-Dir - straight line, f/p - leopard gecko
Aim: a leopard gecko (clinging)
You shoot a sling bullet.
The sling bullet closely misses the leopard gecko.
The leopard gecko bites you.
* * * LOW HITPOINT WARNING * * *
The leopard gecko bites you but does no damage.
You are too injured to fight recklessly!
You are too injured to fight recklessly!
You are too injured to fight recklessly!
You are too injured to fight recklessly!
Firing (i - inventory):
e - 11 sling bullets (quivered)
Press: ? - help, Shift-Dir - straight line, f/p - leopard gecko
Aim: a leopard gecko (clinging)
You shoot a sling bullet.
The sling bullet barely misses the leopard gecko.
You block the leopard gecko's attack. The leopard gecko bites you.
* * * LOW HITPOINT WARNING * * *
Really quaff
h - a grey potion {!q}?
It was a potion of agility {!q}.
You feel agile all of a sudden. The leopard gecko bites you.
You die...

####### #..(.(#
####g###.#########
#(..s.............
#(###>......#.....
#.##.......###...#
#)##.##..........(
#l##. #..#.).(.#..
#@## #.##.._..##.
### #..#.).).#..
.........$..
###$..###.().
......#.....
.!..........#
....####...## ####
#####


You could see a leopard gecko.

Vanquished Creatures
  3 bats (D:1)
  3 giant cockroaches (D:1)
  2 goblins (D:1)
  4 hobgoblins (D:1)
  2 jackals (D:1)
  3 frilled lizards (D:1)
  2 rats (D:1)
19 creatures vanquished.

Notes
Turn   | Place    | Note
-------+----------+-------------------------------------------
     0 | D:1      | Amnesiac the Deep Elf Fighter began the quest for the Orb.
     0 | D:1      | Reached XP level 1. HP: 13/13 MP: 3/3
   397 | D:1      | Reached skill level 1 in Dodging
   397 | D:1      | Reached XP level 2. HP: 15/18 MP: 4/4
   477 | D:1      | Found an iron altar of Okawaru.
   486 | D:1      | Became a worshipper of Warmaster Okawaru
   516 | D:1      | Slain by a leopard gecko

Vault maps used:
D:1:      zaba_arrival_water, okawaru_ov_weapons_minmay

Skill      XL: |  1 |
---------------+----+-----
Dodging        | 1 |  1.4
Fighting       | |  2.7
Maces & Flails | |  1.3
Armour         | |  2.7
Shields        | |  2.4

Action                   || total
-------------------------++-------
Melee: Flail             ||    24
 Fire: Hunting sling     ||    35
  Use: Potion            ||     1
Armor: Scale mail        ||    24
Dodge: Dodged            ||    21
Block: Shield            ||    31

Table legend:
 A = Spawn XP
 B = Non-spawn XP
 C = Spawn XP percentage of total XP
 D = Spawn monster count
 E = Non-spawn monster count
 F = Spawn count percentage of total count
 G = Total turns spent on level
                    A         B        C        D         E        F      G
               +---------+---------+-------+---------+---------+-------+---------
         Total |       0 |      31 |   0.0 |       0 |      19 |   0.0 |   516
               +---------+---------+-------+---------+---------+-------+---------
           D:1 |       0 |      31 |   0.0 |       0 |      19 |   0.0 |   516
               +---------+---------+-------+---------+---------+-------+---------
